 Dungeon Crawl Stone Soup version 0.19.0-11-g3fc08b3 (webtiles) character file.

89 Andry07 the Skirmisher (level 4, -4/32 HPs)
             Began as a Gargoyle Fighter on Nov 9, 2016.
             Killed from afar by Natasha (7 damage)
             ... with a magic dart
             ... on level 2 of the Dungeon.
             The game lasted 00:02:24 (1667 turns).

Andry07 the Skirmisher (Gargoyle Fighter)           Turns: 1667, Time: 00:02:24

Health: -4/32      AC: 12    Str: 20    XL:     4   Next: 55%
Magic:  4/4        EV:  7    Int:  8    God:
Gold:   92         SH:  9    Dex: 10    Spells: 0 memorised, 3 levels left

rFire  . . .     SeeInvis .     a - +0 flail
rCold  . . .     Gourm    .     b - +0 scale mail
rNeg   + . .     Faith    .     c - +0 shield
rPois  ∞         Spirit   .     (no helmet)
rElec  +         Reflect  .     p - +1 cloak
rCorr  .         Harm     .     (no gloves)
MR     .....                    (no boots)
Stlth  ..........               (no amulet)
                                (no ring)
                                (no ring)

@: slowed, very slow
A: negative energy resistance 1, electricity resistance, unbreathing,
petrification resistance, rot immunity, AC +3
a: no special abilities


You were on level 2 of the Dungeon.
You were near starving.

You visited 1 branch of the dungeon, and saw 3 of its levels.

You collected 92 gold pieces.

Inventory:

Hand Weapons
 a - a +0 flail (weapon)
Missiles
 g - 8 tomahawks of returning (quivered)
Armour
 b - a +0 scale mail (worn)
 c - a +0 shield (worn)
 p - a +1 cloak (worn)
 r - a +0 plate armour
Jewellery
 y - a cursed ring of teleportation {unknown}
Scrolls
 e - 2 scrolls of random uselessness {unknown}
 h - a scroll of magic mapping {unknown}
 i - a scroll of identify {unknown}
 k - a scroll of immolation {unknown}
 l - a scroll of enchant weapon {unknown}
 m - a scroll of amnesia {unknown}
 s - a scroll of recharging {unknown}
 v - 3 scrolls of teleportation {unknown}
Potions
 d - a potion of might
 j - a potion of lignification {unknown}
 n - a potion of brilliance {unknown}
 o - a potion of degeneration {unknown}
 t - a potion of cure mutation {unknown}
 u - a potion of invisibility {unknown}
 z - a potion of resistance {unknown}
Comestibles
 f - 2 bread rations
 q - a meat ration
 x - 6 fruits


   Skills:
 + Level 5.7 Fighting
 - Level 2.0 Maces & Flails
 - Level 3.2 Armour
 - Level 3.2 Shields


You had 3 spell levels left.
You didn't know any spells.

Dungeon Overview and Level Annotations

Branches:
Dungeon (3/15)

Altars:
Dithmenos

Annotations:
D:2 Natasha


Innate Abilities, Weirdness & Mutations

You are resistant to torment.
Your stone body is resilient. (AC +3)
You are immune to poison.
You resist negative energy. (rN+)
You are resistant to electric shocks. (rElec)
You can survive without breathing.
You are immune to petrification.
You are immune to rotting.


Message History

You block the orc's attack.
Natasha mumbles some strange words.
The white imp grinds its teeth.
The orc hits you but does no damage.
There is a stone staircase leading down here.
The white imp hits you but does no damage.
You block the orc's attack.
You climb downwards.
The orc priest calls down the wrath of Beogh upon you.
Pain shoots through your body!
The orc priest mumbles some strange prayers to Beogh against you.
Beogh smites you!
* * * LOW HITPOINT WARNING * * *
There is a stone staircase leading up here.
You block the orc's attack.
You climb upwards.
Level annotation: Natasha Natasha casts a spell at you.
The magic dart hits you!
You die...

#.#...§#§##.# ##...#
#......§.##.# #....##
#>#)........####....##
#5##...#.#...........†
#h###.##..........####
##.###.##...........###
#..........#.......#..<
#..#.5o5........[...###
#..#.h@..........).##
#..#...............#
#..#..........#.#.##
#..........#..#.#.#
#.##.#....##.....)#
#......<.....##.###
####.###.######.# #.#
#.# #.# ## #.# #.# #.#
##.


You could see Natasha, 2 white imps and an orc.

Vanquished Creatures
  Natasha (D:2)
  An adder (D:2)
  An ooze (D:1)
  2 worms (D:2)
  3 dart slugs (D:2)
  4 giant cockroaches
  5 goblins
  A hobgoblin (D:1)
  4 jackals (D:2)
  8 kobolds
  A ball python (D:2)
  5 bats
  2 frilled lizards (D:1)
  4 rats (D:1)
42 creatures vanquished.

Notes
Turn   | Place    | Note
-------+----------+-------------------------------------------
     0 | D:1      | Andry07 the Gargoyle Fighter began the quest for the Orb.
     0 | D:1      | Reached XP level 1. HP: 14/14 MP: 1/1
   123 | D:1      | Reached XP level 2. HP: 13/20 MP: 2/2
   285 | D:1      | Reached skill level 4 in Fighting
   613 | D:2      | Reached XP level 3. HP: 12/24 MP: 3/3
   982 | D:2      | Reached skill level 5 in Fighting
  1115 | D:2      | Reached XP level 4. HP: 31/31 MP: 4/4
  1128 | D:2      | Found a shadowy altar of Dithmenos.
  1399 | D:3      | Noticed Natasha
  1639 | D:2      | Killed Natasha
  1644 | D:2      | Noticed Natasha
  1667 | D:2      | Killed from afar by Natasha

Skill      XL: |  1  2  3 |
---------------+----------+-----
Fighting       | 4 5 |  5.7
Maces & Flails | |  2.0
Armour         | |  3.2
Shields        | |  3.2

Action                   |  1- 3 |  4- 6 || total
-------------------------+-------+-------++-------
Melee: Flail             |   150 |    24 ||   174
  Eat: Chunk             |     1 |       ||     1
Armor: Scale mail        |    84 |    27 ||   111
Dodge: Dodged            |    53 |     5 ||    58
Block: Shield            |    93 |    23 ||   116
